 Dungeon Crawl Stone Soup version 0.30.0-10-gfe55d96785 (webtiles) character file.

Game seed: 11442705194475599496

392 GigaChad the Chopper (level 6, -2/56 HPs)
             Began as a Minotaur Fighter on May 16, 2023.
             Slain by Pikel
             ... wielding a +1 whip of flaming
              (5 damage)
             ... on level 4 of the Dungeon.
             The game lasted 00:03:59 (2858 turns).

GigaChad the Chopper (Minotaur Fighter)             Turns: 2858, Time: 00:04:00

Health: -2/56      AC:  8    Str: 23    XL:     6   Next: 51%
Magic:  5/5        EV:  9    Int:  5    God:
Gold:   185        SH:  5    Dex:  9    Spells: 5/5 levels left

rFire   . . .        a - +1 war axe
rCold   . . .        c - +1 buckler
rNeg    . . .        b - +1 scale mail
rPois   .            (helmet restricted)
rElec   .            (no cloak)
rCorr   .            (no gloves)
SInv    .            (no boots)
Will    .....        (no amulet) Stlth
                     (no ring)
HPRegen 0.29/turn    (no ring)
MPRegen 0.09/turn

%: no passive effects
@: no status effects
A: horns 2, retaliatory headbutt
a: no special abilities


You were on level 4 of the Dungeon.
You visited 1 branch of the dungeon, and saw 4 of its levels.

You collected 185 gold pieces.

Inventory:

Hand Weapons
 a - a +1 war axe (weapon)
Missiles
 k - a throwing net (quivered)
Armour
 b - a +1 scale mail (worn)
 c - a +1 buckler (worn)
Jewellery
 i - a ring of ice
 p - a ring of resist corrosion
 u - a ring of magical power
Scrolls
 j - a scroll of vulnerability
 n - 4 scrolls of teleportation
 o - 2 scrolls of identify
 q - 2 scrolls of magic mapping
 t - a scroll of poison {unknown}
 v - a scroll of torment {unknown}
Potions
 d - a potion of might
 e - 2 potions of curing {unknown}
 f - a potion of haste {unknown}
 g - 3 potions of heal wounds {unknown}
 h - a potion of lignification {unknown}
 l - a potion of resistance {unknown}
 m - a potion of cancellation {unknown}
 r - 2 potions of flight {unknown}
 s - a potion of berserk rage {unknown}


   Skills:
 * Level 5.0 Fighting
 * Level 5.9 Axes
 * Level 5.3 Armour
 - Level 0.3 Dodging
 * Level 4.6 Shields


You had 5 spell levels left.
You didn't know any spells.
Your spell library contained the following spells:

 Spells                   Type           Power      Damage    Failure   Level
 Sandblast                Erth           0%         2d4       83%         1
 Passwall                 Tmut/Erth      0%         N/A       93%         2
 Stone Arrow              Conj/Erth      0%         3d7       99%         3


Dungeon Overview and Level Annotations

Branches:
Dungeon (4/15)
 Temple: D:4-7

Altars:
Zin

Annotations:
D:4 Pikel


Innate Abilities, Weirdness & Mutations

You have a pair of horns on your head.
You reflexively headbutt those who attack you in melee.


Message History

That felt strangely unrewarding.
You closely miss Pikel.
Pikel zaps a wand.
The puff of flame hits you. Pikel closely misses you. You furiously retaliate!
You headbutt Pikel! The lemure hits you but does no damage.
You slash Pikel!
Pikel is severely wounded.
You slash the lemure! Pikel barely misses you. The lemure hits you!
You are too injured to fight recklessly!
You are too injured to fight recklessly!
You are too injured to fight recklessly!
You are too injured to fight recklessly!
You are too injured to fight recklessly!
You are too injured to fight recklessly!
You are too injured to fight recklessly!
You are too injured to fight recklessly!
You are too injured to fight recklessly!
You are too injured to fight recklessly!
You are too injured to fight recklessly!
You are too injured to fight recklessly!
You miss Pikel.
Pikel is severely wounded.
You slash the lemure!
Pikel hits you with a +1 whip of flaming.
Pikel burns you. You block the lemure's attack.
Unknown command.
You hit Pikel but do no damage.
Pikel is severely wounded.
You slash the lemure!
You kill the lemure!
That felt strangely unrewarding.
Pikel misses you.
Unknown command.
You slash Pikel!
Pikel is almost dead.
You barely miss the lemure.
Pikel hits you with a +1 whip of flaming.
Pikel burns you. The lemure hits you.
* * * LOW HITPOINT WARNING * * *
Pikel hits you with a +1 whip of flaming!
* * * LOW HITPOINT WARNING * * *
Pikel burns you.
You die...

.#.#.##.##...#.....#
# .#.#.........###.#
# #.#.##....###.#####
# .......#...<......
#.##.#####......#####
.........###### #
###.####..# ###
#......#..# #..
#.#@##.#..# #.# #
#K5..>..# #.#
#5#####.# #.# ....
#.# #.# #.#.. #.# #..
# #..# +# ### #.>.
##..


You could see Pikel and 2 lemures.

Vanquished Creatures
  Sigmund (D:3)
  A phantom (D:4)
  2 lemures (D:4)
  A jelly (D:4)
  A sleepcap (D:3)
  2 adders (D:3)
  4 worms (D:2)
  A dart slug (D:1)
  An orc (D:4)
  12 endoplasms
  4 giant cockroaches
  7 goblins
  5 hobgoblins
  3 jackals (D:2)
  3 quokkas
  5 ball pythons
  6 bats
  5 frilled lizards
  6 kobolds
  5 rats
75 creatures vanquished.

Notes
Turn   | Place    | Note
-------+----------+-------------------------------------------
     0 | D:1      | GigaChad the Minotaur Fighter began the quest for the Orb.
     0 | D:1      | Reached XP level 1. HP: 19/19 MP: 0/0
    24 | D:1      | Found a faded altar of an unknown god.
   151 | D:1      | Reached XP level 2. HP: 23/27 MP: 1/1
   444 | D:1      | Reached XP level 3. HP: 33/33 MP: 2/2
  1210 | D:2      | Reached XP level 4. HP: 41/41 MP: 3/3
  2020 | D:3      | Noticed Sigmund
  2029 | D:3      | Killed Sigmund
  2030 | D:3      | Reached skill level 5 in Axes
  2030 | D:3      | Reached skill level 5 in Armour
  2030 | D:3      | Reached XP level 5. HP: 29/47 MP: 4/4
  2030 | D:3      | Reached XP level 6. HP: 34/55 MP: 5/5
  2192 | D:3      | Found a glowing silver altar of Zin.
  2711 | D:4      | Reached skill level 5 in Fighting
  2846 | D:4      | Noticed Pikel
  2858 | D:4      | Slain by Pikel

Illustrated notes

Levels and vault maps discovered:
D:1:      wander_arrival_lonely_grave, layout_basic,
          ebering_ecumenical_altar_abandoned, minmay_tetromino_s4
D:2:      layout_loops_ring, lightli_corner_chamber
D:3:      layout_loops_ring, zin_scriptorium, uniq_crazy_yiuf_cottage,
          uniq_sigmund
D:4:      layout_basic, uniq_pikel

Skill      XL: |  1  2  3  4  5  6 |
---------------+-------------------+-----
Fighting       | 4 5 |  5.0
Armour         | 4 5 |  5.3
Axes           | 3 5 |  5.9
Shields        | 4 |  4.6
Dodging        | |  0.3

Action                     |  1- 3 |  4- 6 || total
---------------------------+-------+-------++-------
  Melee: War axe           |    97 |    75 ||   172
         Headbutt          |    22 |    12 ||    34
    Use: Scroll            |       |     7 ||     7
 Armour: Scale mail        |    44 |    34 ||    78
  Dodge: Dodged            |    39 |    23 ||    62
  Block: Buckler           |    19 |    19 ||    38
